 Dungeon Crawl Stone Soup version 0.13-a0-3140-gbdcfb35 (webtiles) character file.

1607 Duskembrace the Ducker (level 8, 0/69 HPs)
             Began as a Minotaur Berserker on Sept 22, 2013.
             Was an Elder of Trog.
             Killed from afar by an orc wizard (5 damage)
             ... with a magic dart
             ... on Level 6 of the Dungeon.
             The game lasted 00:20:47 (3743 turns).

Duskembrace the Ducker (Minotaur Berserker)         Turns: 3743, Time: 00:20:48

HP   0/69        AC  5     Str 22      XL: 8   Next: 38%
MP   0/2         EV 13     Int  4      God: Trog [****..]
Gold 241         SH  0     Dex 12      Spells:  0 memorised,  7 levels left

Res.Fire  : . . .   See Invis. : .   a - +0 hand axe {=f}
Res.Cold  : . . .   Warding    : .   L - +0 elf ring mail (curse)
Life Prot.: . . .   Conserve   : .   (no shield)
Res.Poison: .       Res.Corr.  : .   (helmet restricted)
Res.Elec. : .       Clarity    : .   (no cloak)
Sust.Abil.: . .     Spirit.Shd : +   (no gloves)
Res.Mut.  : .       Stasis     : .   (no boots)
Res.Rott. : .       Flight     : .   r - cursed amulet of guardian spirit
Saprovore : . . .                    (no ring)
                                     (no ring)

@: regenerating, exhausted, slowed, very slow, very resistant to hostile
enchantments, very unstealthy
A: retaliatory headbutt, horns 2
a: Burn Spellbooks, Berserk, Trog's Hand, Brothers in Arms, Renounce Religion


You were on level 6 of the Dungeon.
You worshipped Trog.
Trog was greatly pleased with you.
You were near starving.

You visited 1 branch of the dungeon, and saw 6 of its levels.

You collected 221 gold pieces.

Inventory:

Hand weapons
 a - a +0,+0 hand axe (weapon) {=f}
 G - a +0,+1 orcish hand axe
Missiles
 m - 86 darts (quivered)
Armour
 b - a +0 animal skin
 g - a +0 elven robe
 L - a cursed +0 elven ring mail (worn)
Magical devices
 y - a wand of frost (0)
 C - a wand of slowing (4)
 H - a wand of confusion (16) {unknown}
Comestibles
 c - 3 bread rations
 f - a snozzcumber
 t - 2 meat rations
 v - a pear
 w - a choko
 I - a chunk of adder flesh
 J - 2 rotting chunks of gnoll flesh
 K - a lychee
Scrolls
 d - a scroll of teleportation {unknown}
 j - 9 scrolls of identify {unknown}
 l - a scroll of fear {unknown}
 o - 2 scrolls of random uselessness {unknown}
 q - a scroll of curse weapon {unknown}
 x - 2 scrolls of curse armour {unknown}
 z - 2 scrolls of recharging {unknown}
 A - a scroll of blinking {unknown}
 B - 7 scrolls of remove curse {unknown}
 E - a scroll of amnesia {unknown}
 F - a scroll of curse jewellery {unknown}
Jewellery
 r - a cursed amulet of guardian spirit (around neck)
Potions
 e - a potion of brilliance {unknown}
 h - a potion of magic {unknown}
 i - a potion of restore abilities {unknown}
 k - 2 potions of might {unknown}
 p - a potion of invisibility {unknown}
 s - a potion of speed {unknown}
 u - a potion of confusion {unknown}
 D - a potion of heal wounds {unknown}


   Skills:
 + Level 6.3 Fighting
 + Level 7.2 Axes
 + Level 2.4 Throwing
 + Level 3.1 Armour
 + Level 7.6 Dodging
 + Level 1.4 Stealth


You had 7 spell levels left.
You didn't know any spells.

Dungeon Overview and Level Annotations

Branches:
Dungeon (6/27)             Temple (0/1) D:4
    Orc: D:6-11

Altars:
Cheibriados
Makhleb
Vehumet
Yredelemnul


Innate Abilities, Weirdness & Mutations

You reflexively headbutt those who attack you in melee.
You have a pair of horns on your head.


Message History

You furiously retaliate!
You headbutt the orc wizard, but do no damage.
The orc hits you but does no damage.
Drink which item? (? for menu, Esc to quit)
You feel better.
You hear some strange, mumbled words.
The magic dart hits you!
* * * LOW HITPOINT WARNING * * *
The orc wizard hits you with an orcish dagger.
* * * LOW HITPOINT WARNING * * *
The orc completely misses you. It hits you but does no damage.
The orc wizard casts a spell.
The orc wizard flickers and vanishes!
Use which ability? (? or * to list)
Your skin crawls.
You feel resistant to hostile enchantments.
You feel slightly more hungry. The orc closely misses you.
You hear some strange, mumbled words.
The magic dart hits you!
You die...

..####.#.. #.# . #.# .( #.# # .
.. . #.####.# . .### # #.#....#.#
..# # # # #.#.####.# #.# #.#.#
#........######.#####.### #.#.#
................@.o...... ....
.##.#.#########)#####.### #.#
..(.#....# #.# #.#.. ....#.##.##
#.# #....
....#.....#####)#################
+##.#.#..........................
#.#.###.......#################
#.#.########### #.#.........####


You could see an orc.

Vanquished Creatures
  Menkaure (D:4)
  An orc warrior (D:6)
  A sky beast (D:5)
  2 giant frogs (D:6)
  4 crimson imps
  2 giant frog zombies
  An orc priest (D:3)
  5 worker ants
  3 hounds
  2 iguanas
  2 orc wizards (D:6)
  2 scorpions
  A hound zombie (D:6)
  10 adders
  13 gnolls
  2 worms (D:3)
  A goliath beetle zombie (D:5)
  A giant eyeball (D:6)
  6 giant geckos
  4 oozes
  6 orcs
  A ball python (D:3)
  A bat skeleton (D:4)
  4 giant cockroaches
  6 goblins
  9 hobgoblins
  3 jackals (D:2)
  15 bats
  5 giant newts
  A hobgoblin skeleton (D:6)
  A hobgoblin zombie (D:1)
  10 kobolds
  An orc zombie (D:6)
  3 quokkas
  A quokka skeleton (D:4)
  10 rats
  A rat skeleton (D:5)
  A rat zombie (D:1)
143 creatures vanquished.

Notes
Turn   | Place    | Note
--------------------------------------------------------------
     0 | D:1      | Duskembrace, the Minotaur Berserker, began the quest for the Orb.
     0 | D:1      | Reached XP level 1. HP: 19/19 MP: 0/0
   209 | D:1      | Reached XP level 2. HP: 24/26 MP: 0/0
   233 | D:1      | Reached skill level 4 in Fighting
   359 | D:1      | Reached XP level 3. HP: 26/33 MP: 1/1
   504 | D:2      | Acquired Trog's second power
   574 | D:2      | Found a basalt altar of Yredelemnul.
   750 | D:2      | Reached XP level 4. HP: 15/40 MP: 1/1
   967 | D:3      | Reached skill level 1 in Throwing
   976 | D:3      | Reached XP level 5. HP: 30/47 MP: 1/1
  1011 | D:3      | Found a radiant altar of Vehumet.
  1014 | D:3      | Found a burning altar of Makhleb.
  1048 | D:3      | Reached skill level 5 in Fighting
  1673 | D:4      | Found a snail-covered altar of Cheibriados.
  1758 | D:4      | Reached XP level 6. HP: 53/53 MP: 2/2
  1759 | D:4      | Reached skill level 5 in Axes
  1799 | D:4      | Found a staircase to the Ecumenical Temple.
  1998 | D:4      | Noticed Menkaure
  2008 | D:4      | Killed Menkaure
  2008 | D:4      | Reached skill level 5 in Dodging
  2213 | D:4      | Reached XP level 7. HP: 26/60 MP: 1/2
  2298 | D:5      | Entered Level 5 of the Dungeon
  2344 | D:5      | Acquired Trog's third power
  2362 | D:5      | Reached skill level 1 in Stealth
  2486 | D:5      | Reached skill level 6 in Dodging
  3097 | D:6      | Paralysed by a giant eyeball for 2 turns
  3140 | D:6      | Reached skill level 7 in Dodging
  3375 | D:6      | Reached XP level 8. HP: 63/68 MP: 2/2
  3742 | D:6      | HP: 3/69 [orc wizard/orcish dagger (1)]
  3743 | D:6      | Killed from afar by an orc wizard

Action                   |  1- 3 |  4- 6 |  7- 9 || total
-------------------------+-------+-------+-------++-------
Melee: Hand axe          |    68 |   111 |   191 ||   370
Throw: Dart              |     7 |     6 |     9 ||    22
Invok: Berserk           |       |     3 |     4 ||     7
       Trog's Hand       |       |     2 |     2 ||     4
  Use: Potion            |       |     1 |     2 ||     3
